| TOP OF THE 1ST |
|
Boston Red Sox batting - Pitching for Seattle Mariners : LHP Antonio Diaz
|
|
Pitching: LHP Antonio Diaz
|
|
|
Batting: RHB Alois Wollf
|
0-0: Called Strike 0-1: Foul Ball, location: 2F 0-2: Ball 1-2: Foul Ball, location: 2F 1-2: Ball 2-2: Ball 3-2: Strikes out swinging
|
|
Batting: LHB Kevin McCormic Jr.
|
0-0: Foul Ball, location: 2F 0-1: SINGLE (Line Drive, 4D, EV 96.9 MPH)
|
|
Batting: RHB David Price Jr.
|
0-0: Ball 1-0: Ball 2-0: Ball Wild Pitch! Kevin McCormic Jr. to second 3-0: Called Strike 3-1: Base on Balls
|
|
Batting: SHB Marvin Lawrence
|
0-0: Ball 1-0: Ball 2-0: Called Strike 2-1: Called Strike 2-2: Foul Ball, location: 2F 2-2: Strikes out swinging
|
|
Batting: RHB Josh Froyd
|
0-0: Ball 1-0: Fly out, F8 (Flyball, 78D, EV 97.5 MPH)
|
| Top of the 1st over - 0 runs, 1 hit, 0 errors, 2 left on base; Boston 0 - Seattle 0 |
| BOTTOM OF THE 1ST |
|
Seattle Mariners batting - Pitching for Boston Red Sox : RHP Justin Whitesack
|
|
Pitching: RHP Justin Whitesack
|
|
|
Batting: LHB Dae-ik Yoon
|
0-0: Called Strike 0-1: Ball 1-1: Foul Ball, location: 2F 1-2: Ball 2-2: Foul Ball, location: 2F 2-2: Ball 3-2: Ground out U3 (Groundball, 3L, EV 86.2 MPH)
|
|
Batting: RHB Jose Vasquez
|
0-0: Swinging Strike 0-1: Called Strike 0-2: SINGLE (Groundball, 4MD, EV 95.6 MPH)
|
|
Batting: SHB Floyd-William Goof
|
0-0: Swinging Strike 0-1: Foul Ball, location: 2F 0-2: Fly out, F8 (Flyball, 8LM, EV 85.6 MPH)
|
|
Batting: RHB Steve Jordan
|
0-0: Called Strike Jose Vasquez steals 2nd base 0-1: Ball 1-1: SINGLE (Line Drive, 34D, EV 102.5 MPH) Jose Vasquez to third Runner from 3rd tries for Home, SAFE, throw by RF to home
|
|
Batting: SHB Robbie Rogers
|
0-0: Foul Ball, location: 2F 0-1: Ball 1-1: Called Strike 1-2: Ball Pickoff Throw to First - Out! 1-3
|
| Bottom of the 1st over - 1 run, 2 hits, 0 errors, 0 left on base; Boston 0 - Seattle 1 |
| TOP OF THE 2ND |
|
Boston Red Sox batting - Pitching for Seattle Mariners : LHP Antonio Diaz
|
|
Batting: RHB Nick Esteves
|
0-0: Ball 1-0: Ball 2-0: Ball 3-0: Base on Balls
|
|
Batting: SHB Willie Koviak
|
0-0: Ball 1-0: Ball 2-0: SINGLE (Line Drive, 9S, EV 91.9 MPH) Nick Esteves to second Runner from 2nd tries for 3rd, SAFE, throw by RF made to third
|
|
Batting: RHB Rodolfo Contreras
|
0-0: Called Strike 0-1: Ball 1-1: Called Strike 1-2: Strikes out swinging
|
|
Batting: SHB Greg Shaw
|
0-0: Ball 1-0: DOUBLE (Line Drive, 7LM, EV 113.1 MPH) Nick Esteves scores Willie Koviak to third Runner from 3rd tries for Home, throw by LF and OUT! 7-6-2
|
|
Batting: RHB Alois Wollf
|
0-0: Ball 1-0: Ground out 5-3 (Groundball, 56S, EV 83.8 MPH)
|
| Top of the 2nd over - 1 run, 2 hits, 0 errors, 1 left on base; Boston 1 - Seattle 1 |
| BOTTOM OF THE 2ND |
|
Seattle Mariners batting - Pitching for Boston Red Sox : RHP Justin Whitesack
|
|
Batting: SHB Robbie Rogers
|
0-0: Ball 1-0: Called Strike 1-1: DOUBLE (Flyball, 89D, EV 101.2 MPH)
|
|
Batting: RHB Pavpv Ivanushkin
|
0-0: Called Strike 0-1: SINGLE (Flyball, 4MD, EV 86.2 MPH) Robbie Rogers to third
|
|
Batting: RHB Tony Vargas
|
0-0: Ball 1-0: Called Strike 1-1: Ball Pickoff Throw by Catcher to First - Out! 2-1: Ball 3-1: Fly out, F3 (Popup, 34S, EV 70.0 MPH)
|
|
Batting: RHB Harutomi Matsubara
|
0-0: Ball 1-0: Called Strike 1-1: Foul Ball, location: 2F 1-2: Fly out, F9 (Flyball, 9D, EV 100.6 MPH)
|
| Bottom of the 2nd over - 0 runs, 2 hits, 0 errors, 1 left on base; Boston 1 - Seattle 1 |
| TOP OF THE 3RD |
|
Boston Red Sox batting - Pitching for Seattle Mariners : LHP Antonio Diaz
|
|
Batting: LHB Kevin McCormic Jr.
|
0-0: Swinging Strike 0-1: Foul Ball, location: 2F 0-2: Ground out 2-3 (Groundball, 15S, EV 70.6 MPH)
|
|
Batting: RHB David Price Jr.
|
0-0: Called Strike 0-1: Called Strike 0-2: Ground out 6-3 (Groundball, 6, EV 102.5 MPH)
|
|
Batting: SHB Marvin Lawrence
|
0-0: Called Strike 0-1: DOUBLE (Line Drive, 89D, EV 106.2 MPH)
|
|
Batting: RHB Josh Froyd
|
0-0: Ball 1-0: DOUBLE (Flyball, 78D, EV 91.2 MPH) Marvin Lawrence scores
|
|
Batting: RHB Nick Esteves
|
0-0: Ball 1-0: Called Strike 1-1: Ball 2-1: SINGLE (Line Drive, 7S, EV 101.9 MPH) Josh Froyd to third Runner from 3rd tries for Home, SAFE, throw by LF to home
|
|
Batting: SHB Willie Koviak
|
0-0: Ball Nick Esteves steals 2nd, throwing error, E2 Nick Esteves to third 1-0: Ground out 4-3 (Groundball, 4M, EV 95.0 MPH)
|
| Top of the 3rd over - 2 runs, 3 hits, 1 error, 1 left on base; Boston 3 - Seattle 1 |
| BOTTOM OF THE 3RD |
|
Seattle Mariners batting - Pitching for Boston Red Sox : RHP Justin Whitesack
|
|
Batting: RHB Corey Ottinger
|
0-0: Ball 1-0: Called Strike 1-1: Ball 2-1: Ball 3-1: Base on Balls
|
|
Batting: LHB Dae-ik Yoon
|
0-0: Called Strike 0-1: Ball 1-1: Called Strike 1-2: Strikes out swinging
|
|
Batting: RHB Jose Vasquez
|
0-0: Swinging Strike 0-1: Swinging Strike 0-2: Ball 1-2: Strikes out swinging
|
|
Batting: SHB Floyd-William Goof
|
0-0: Called Strike 0-1: Ball 1-1: Called Strike 1-2: Fly out, F7 (Line Drive, 7D, EV 101.9 MPH)
|
| Bottom of the 3rd over - 0 runs, 0 hits, 0 errors, 1 left on base; Boston 3 - Seattle 1 |
| TOP OF THE 4TH |
|
Boston Red Sox batting - Pitching for Seattle Mariners : LHP Antonio Diaz
|
|
Batting: RHB Rodolfo Contreras
|
0-0: Fly out, F4 (Popup, 4, EV 66.9 MPH)
|
|
Batting: SHB Greg Shaw
|
0-0: Foul Ball, location: 2F 0-1: Ball 1-1: Foul Ball, location: 2F 1-2: Ball 2-2: Ball 3-2: Fly out, F4 (Popup, 4, EV 55.0 MPH)
|
|
Batting: RHB Alois Wollf
|
0-0: Ball 1-0: Swinging Strike 1-1: Called Strike 1-2: Strikes out swinging
|
| Top of the 4th over - 0 runs, 0 hits, 0 errors, 0 left on base; Boston 3 - Seattle 1 |
| BOTTOM OF THE 4TH |
|
Seattle Mariners batting - Pitching for Boston Red Sox : RHP Justin Whitesack
|
|
Batting: RHB Steve Jordan
|
0-0: Ball 1-0: Called Strike 1-1: Called Strike 1-2: Ball 2-2: Ball 3-2: Foul Ball, location: 2F 3-2: Strikes out swinging
|
|
Batting: SHB Robbie Rogers
|
0-0: Ball 1-0: Fly out, F3 (Flyball, 3D, EV 87.5 MPH)
|
|
Batting: RHB Pavpv Ivanushkin
|
0-0: Ball 1-0: Foul Ball, location: 2F 1-1: SINGLE (Line Drive, 8RS, EV 99.4 MPH)
|
|
Batting: RHB Tony Vargas
|
0-0: Foul Ball, location: 2F 0-1: Called Strike 0-2: Ball 1-2: Ball 2-2: DOUBLE (Line Drive, 3D, EV 94.4 MPH) Pavpv Ivanushkin to third Runner from 3rd tries for Home, SAFE, throw by RF to home
|
|
Batting: RHB Harutomi Matsubara
|
0-0: Foul Ball, location: 2F 0-1: SINGLE (Groundball, 5S, EV 69.4 MPH) (infield hit) Tony Vargas to third
|
|
Batting: RHB Corey Ottinger
|
0-0: Ball 1-0: Ball 2-0: Foul Ball, location: 2F 2-1: Called Strike 2-2: Foul Ball, location: 2F 2-2: DOUBLE (Flyball, 89D, EV 115.0 MPH) Tony Vargas scores Harutomi Matsubara to third
|
|
Batting: LHB Dae-ik Yoon
|
0-0: Ball 1-0: Ball 2-0: SINGLE (Groundball, 34D, EV 98.1 MPH) Harutomi Matsubara scores Corey Ottinger to third
|
|
Batting: RHB Jose Vasquez
|
0-0: Fly out, F8 (Flyball, 89M, EV 91.2 MPH)
|
| Bottom of the 4th over - 3 runs, 5 hits, 0 errors, 2 left on base; Boston 3 - Seattle 4 |
| TOP OF THE 5TH |
|
Boston Red Sox batting - Pitching for Seattle Mariners : LHP Antonio Diaz
|
|
Batting: LHB Kevin McCormic Jr.
|
0-0: Ball 1-0: Ball 2-0: SINGLE (Groundball, 4MD, EV 95.6 MPH)
|
|
Batting: RHB David Price Jr.
|
0-0: Ball 1-0: Ball 2-0: Fly out, F6 (Popup, 6M, EV 51.2 MPH)
|
|
Batting: SHB Marvin Lawrence
|
0-0: Ball 1-0: Ball 2-0: Called Strike 2-1: Fly out, F8 (Line Drive, 8RD, EV 93.1 MPH)
|
|
Batting: RHB Josh Froyd
|
0-0: Ball 1-0: Ball 2-0: Fielders Choice at 2nd, 6-4 (Groundball, 6, EV 100.6 MPH)
|
| Top of the 5th over - 0 runs, 1 hit, 0 errors, 1 left on base; Boston 3 - Seattle 4 |
| BOTTOM OF THE 5TH |
|
Seattle Mariners batting - Pitching for Boston Red Sox : RHP Justin Whitesack
|
|
Batting: SHB Floyd-William Goof
|
0-0: Ball 1-0: Ball 2-0: Ball 3-0: Base on Balls
|
|
Batting: RHB Steve Jordan
|
0-0: Called Strike 0-1: Ball Floyd-William Goof steals 2nd base 1-1: Foul Ball, location: 2F 1-2: Ball 2-2: Strikes out swinging passed ball, reaches first! Floyd-William Goof to third
|
|
Batting: SHB Robbie Rogers
|
0-0: Ball 1-0: Called Strike 1-1: Called Strike 1-2: Ball 2-2: Ball 3-2: Foul Ball, location: 2F 3-2: Foul Ball, location: 2F 3-2: Strikes out swinging
|
|
Batting: RHB Pavpv Ivanushkin
|
0-0: Ball Steve Jordan is caught stealing 2nd base 2-4 1-0: Foul Ball, location: 2F 1-1: Foul Ball, location: 2F 1-2: Strikes out swinging
|
| Bottom of the 5th over - 0 runs, 0 hits, 0 errors, 1 left on base; Boston 3 - Seattle 4 |
| TOP OF THE 6TH |
|
Boston Red Sox batting - Pitching for Seattle Mariners : LHP Antonio Diaz
|
|
Pitching: LHP Lance Crumpton
|
|
|
Batting: RHB Nick Esteves
|
0-0: Ball 1-0: Ball 2-0: Fly out, F7 (Line Drive, 78M, EV 111.2 MPH)
|
|
Batting: SHB Willie Koviak
|
0-0: Called Strike 0-1: Ball 1-1: Ball 2-1: Foul Ball, location: 2F 2-2: Ball 3-2: Strikes out looking
|
|
Batting: RHB Rodolfo Contreras
|
0-0: Ball 1-0: Ball 2-0: Foul Ball, location: 2F 2-1: Ball 3-1: Base on Balls
|
|
Batting: SHB Greg Shaw
|
0-0: Ball 1-0: Called Strike Rodolfo Contreras steals 2nd base 1-1: Ground out 5-3 (Groundball, 56, EV 103.8 MPH)
|
| Top of the 6th over - 0 runs, 0 hits, 0 errors, 1 left on base; Boston 3 - Seattle 4 |
| BOTTOM OF THE 6TH |
|
Seattle Mariners batting - Pitching for Boston Red Sox : RHP Justin Whitesack
|
|
Pitching: RHP Jim Whiteman
|
|
|
Batting: RHB Tony Vargas
|
0-0: Ball 1-0: Ball 2-0: Swinging Strike 2-1: Called Strike 2-2: Ball 3-2: Ground out 1-3 (Groundball, P, EV 72.5 MPH)
|
|
Batting: RHB Harutomi Matsubara
|
0-0: Called Strike 0-1: Called Strike 0-2: SINGLE (Groundball, 6MD, EV 106.9 MPH) (infield hit)
|
|
Batting: RHB Corey Ottinger
|
0-0: Ball 1-0: Swinging Strike 1-1: SINGLE (Groundball, 4MS, EV 71.2 MPH) (infield hit) Harutomi Matsubara to second
|
|
Batting: LHB Dae-ik Yoon
|
0-0: Ball 1-0: Swinging Strike 1-1: Ball 2-1: Ball Harutomi Matsubara steals 3rd base 3-1: Called Strike 3-2: Base on Balls Corey Ottinger to second
|
|
Batting: RHB Jose Vasquez
|
0-0: Swinging Strike 0-1: Foul Ball, location: 2F 0-2: Ball 1-2: SINGLE (Groundball, 56D, EV 102.5 MPH) Harutomi Matsubara scores Corey Ottinger to third Dae-ik Yoon to second
|
|
Batting: SHB Floyd-William Goof
|
0-0: Ball 1-0: Ball 2-0: Foul Ball, location: 2F 2-1: Ball 3-1: Foul Ball, location: 2F 3-2: Foul Ball, location: 2F 3-2: Strikes out swinging
|
|
Batting: RHB Steve Jordan
|
0-0: SINGLE (Groundball, 4MD, EV 93.8 MPH) Corey Ottinger scores Dae-ik Yoon to third Jose Vasquez to second Runner from 3rd tries for Home, SAFE, throw by CF to home
|
|
Pitching: LHP Danny Schneible
|
|
|
Batting: SHB Robbie Rogers
|
0-0: Swinging Strike 0-1: Foul Ball, location: 2F 0-2: Ball 1-2: Ball 2-2: Foul Ball, location: 2F 2-2: Foul Ball, location: 2F 2-2: SINGLE (Groundball, 56D, EV 96.2 MPH) Jose Vasquez to third Steve Jordan to second Runner from 3rd tries for Home, SAFE, throw by LF to home
|
|
Batting: RHB Pavpv Ivanushkin
|
0-0: Ball 1-0: Ball 2-0: Foul Ball, location: 2F 2-1: Called Strike 2-2: Strikes out swinging
|
| Bottom of the 6th over - 4 runs, 5 hits, 0 errors, 2 left on base; Boston 3 - Seattle 8 |
| TOP OF THE 7TH |
|
Boston Red Sox batting - Pitching for Seattle Mariners : LHP Lance Crumpton
|
|
Now at 2B: Malik Brookshire
|
|
|
Batting: RHB Alois Wollf
|
0-0: Ball 1-0: Ball 2-0: Foul Ball, location: 2F 2-1: Fly out, F8 (Line Drive, 8LM, EV 103.1 MPH)
|
|
Batting: LHB Kevin McCormic Jr.
|
0-0: Ball 1-0: Called Strike 1-1: Ball 2-1: Called Strike 2-2: Foul Ball, location: 2F 2-2: Ball 3-2: Strikes out looking
|
|
Batting: RHB David Price Jr.
|
0-0: Ball 1-0: Foul Ball, location: 2F 1-1: Foul Ball, location: 2F 1-2: Ground out 4-3 (Groundball, 4M, EV 105.6 MPH)
|
| Top of the 7th over - 0 runs, 0 hits, 0 errors, 0 left on base; Boston 3 - Seattle 8 |
| BOTTOM OF THE 7TH |
|
Seattle Mariners batting - Pitching for Boston Red Sox : LHP Danny Schneible
|
|
Batting: RHB Tony Vargas
|
0-0: Ball 1-0: Ball 2-0: Ball 3-0: Called Strike 3-1: Fly out, F3 (Popup, 3, EV 79.4 MPH)
|
|
Batting: RHB Harutomi Matsubara
|
0-0: Ball 1-0: Ball 2-0: Called Strike 2-1: Fly out, F4 (Popup, 4S, EV 78.8 MPH)
|
|
Pitching: RHP John Jordan
|
|
|
Batting: RHB Corey Ottinger
|
0-0: Ball 1-0: Swinging Strike 1-1: Called Strike 1-2: Ground out 5-3 (Groundball, 5, EV 86.2 MPH)
|
| Bottom of the 7th over - 0 runs, 0 hits, 0 errors, 0 left on base; Boston 3 - Seattle 8 |
| TOP OF THE 8TH |
|
Boston Red Sox batting - Pitching for Seattle Mariners : LHP Lance Crumpton
|
|
Batting: SHB Marvin Lawrence
|
0-0: Called Strike 0-1: Ball 1-1: Ball 2-1: Ground out 4-3 (Groundball, 4M, EV 92.5 MPH)
|
|
Batting: RHB Josh Froyd
|
0-0: Called Strike 0-1: Swinging Strike 0-2: Ball 1-2: Ball 2-2: Foul Ball, location: 2F 2-2: Fly out, F7 (Flyball, 7, EV 88.8 MPH)
|
|
Pitching: RHP Kyle Ridgeway
|
|
|
Batting: RHB Nick Esteves
|
0-0: Called Strike 0-1: Foul Ball, location: 2F 0-2: Foul Ball, location: 2F 0-2: Ball 1-2: Ball 2-2: Strikes out looking
|
| Top of the 8th over - 0 runs, 0 hits, 0 errors, 0 left on base; Boston 3 - Seattle 8 |
| BOTTOM OF THE 8TH |
|
Seattle Mariners batting - Pitching for Boston Red Sox : RHP John Jordan
|
|
Batting: LHB Dae-ik Yoon
|
0-0: Ball 1-0: Fly out, F5 (Line Drive, 5, EV 68.1 MPH)
|
|
Batting: RHB Jose Vasquez
|
0-0: Ball 1-0: Called Strike 1-1: Called Strike 1-2: Ball 2-2: Fly out, F8 (Flyball, 8RD, EV 108.8 MPH)
|
|
Batting: SHB Floyd-William Goof
|
0-0: Ball 1-0: Foul Ball, location: 2F 1-1: Ball 2-1: Swinging Strike 2-2: Foul Ball, location: 2F 2-2: Strikes out looking
|
| Bottom of the 8th over - 0 runs, 0 hits, 0 errors, 0 left on base; Boston 3 - Seattle 8 |
| TOP OF THE 9TH |
|
Boston Red Sox batting - Pitching for Seattle Mariners : RHP Kyle Ridgeway
|
|
Batting: SHB Willie Koviak
|
0-0: Swinging Strike 0-1: Foul Ball, location: 2F 0-2: Ball 1-2: Foul Ball, location: 2F 1-2: SINGLE (Line Drive, 6D, EV 99.4 MPH)
|
|
Pinch Hitting: LHB Jarrett Mordecai
|
0-0: Foul Ball, location: 2F 0-1: Ball 1-1: Ball 2-1: Ball 3-1: Base on Balls Willie Koviak to second
|
|
Batting: SHB Greg Shaw
|
0-0: Foul Ball, location: 2F 0-1: Foul Ball, location: 2F 0-2: Foul Ball, location: 2F 0-2: Strikes out swinging
|
|
Batting: RHB Alois Wollf
|
0-0: Ball 1-0: Called Strike 1-1: Ball 2-1: Swinging Strike 2-2: Foul Ball, location: 2F 2-2: Foul Ball, location: 2F 2-2: Ball 3-2: Base on Balls Willie Koviak to third Jarrett Mordecai to second
|
|
Batting: LHB Kevin McCormic Jr.
|
0-0: Ball 1-0: Foul Ball, location: 2F 1-1: DOUBLE (Line Drive, 8RXD, EV 106.9 MPH) Willie Koviak scores Jarrett Mordecai scores Alois Wollf to third
|
|
Pitching: RHP Omar Colunga
|
|
|
Batting: RHB David Price Jr.
|
0-0: Foul Ball, location: 2F 0-1: 3-RUN HOME RUN (Flyball, 9D, EV 101.9 MPH), Distance : 367 ft
|
|
Batting: SHB Marvin Lawrence
|
0-0: Ball 1-0: Foul Ball, location: 2F 1-1: Foul Ball, location: 2F 1-2: Ball 2-2: Fly out, F7 (Flyball, 7, EV 85.6 MPH)
|
|
Batting: RHB Josh Froyd
|
0-0: Ball 1-0: Called Strike 1-1: Foul Ball, location: 2F 1-2: Ball 2-2: Foul Ball, location: 2F 2-2: Ball 3-2: Foul Ball, location: 2F 3-2: Base on Balls
|
|
Batting: RHB Nick Esteves
|
0-0: Called Strike 0-1: Called Strike 0-2: Foul Ball, location: 2F 0-2: Ball 1-2: Foul Ball, location: 2F 1-2: Strikes out looking
|
| Top of the 9th over - 5 runs, 3 hits, 0 errors, 1 left on base; Boston 8 - Seattle 8 |
| BOTTOM OF THE 9TH |
|
Seattle Mariners batting - Pitching for Boston Red Sox : RHP John Jordan
|
|
Now at 1B: Jarrett Mordecai
|
|
|
Now in RF: Kevin McCormic Jr.
|
|
|
Batting: RHB Steve Jordan
|
0-0: Called Strike 0-1: Ball 1-1: Ball 2-1: Ball 3-1: Fly out, F7 (Flyball, 7, EV 90.6 MPH)
|
|
Batting: SHB Robbie Rogers
|
0-0: Called Strike 0-1: Foul Ball, location: 2F 0-2: Ground out 6-3 (Groundball, 6M, EV 91.9 MPH)
|
|
Batting: RHB Malik Brookshire
|
0-0: Ball 1-0: Swinging Strike 1-1: Foul Ball, location: 2F 1-2: Ground out 5-3 (Groundball, 56S, EV 80.6 MPH)
|
| Bottom of the 9th over - 0 runs, 0 hits, 0 errors, 0 left on base; Boston 8 - Seattle 8 |
| TOP OF THE 10TH |
|
Boston Red Sox batting - Pitching for Seattle Mariners : RHP Omar Colunga
|
|
Pitching: RHP William de Jesus
|
|
|
Batting: SHB Willie Koviak
|
0-0: Foul Ball, location: 2F 0-1: Called Strike 0-2: Ball 1-2: Strikes out swinging
|
|
Batting: LHB Jarrett Mordecai
|
0-0: Ball 1-0: Ball 2-0: Called Strike 2-1: Fly out, F8 (Flyball, 8LM, EV 78.1 MPH)
|
|
Batting: SHB Greg Shaw
|
0-0: Called Strike 0-1: Swinging Strike 0-2: Strikes out looking
|
| Top of the 10th over - 0 runs, 0 hits, 0 errors, 0 left on base; Boston 8 - Seattle 8 |
| BOTTOM OF THE 10TH |
|
Seattle Mariners batting - Pitching for Boston Red Sox : RHP John Jordan
|
|
Pitching: RHP Guadalupe Vasguez
|
|
|
Batting: RHB Tony Vargas
|
0-0: Called Strike 0-1: Foul Ball, location: 2F 0-2: SINGLE (Line Drive, 4M, EV 97.5 MPH)
|
|
Batting: RHB Harutomi Matsubara
|
0-0: Ball 1-0: Ball 2-0: Sac Bunt to 5S - play at first, batter OUT! 5-3 Tony Vargas to second
|
|
Batting: RHB Corey Ottinger
|
0-0: Ball 1-0: Foul Ball, location: 2F 1-1: Ball 2-1: Called Strike 2-2: Strikes out swinging
|
|
Batting: LHB Dae-ik Yoon
|
0-0: Foul Ball, location: 2F 0-1: Ball 1-1: Called Strike 1-2: Ball 2-2: Foul Ball, location: 2F 2-2: Foul Ball, location: 2F 2-2: Foul Ball, location: 2F 2-2: SINGLE (Groundball, 25, EV 73.8 MPH) (infield hit) Tony Vargas to third
|
|
Batting: RHB Jose Vasquez
|
0-0: Called Strike 0-1: Foul Ball, location: 2F 0-2: Foul Ball, location: 2F 0-2: SINGLE (Line Drive, 6MD, EV 95.0 MPH) Tony Vargas scores
|
| Bottom of the 10th over - 1 run, 3 hits, 0 errors, 1 left on base; Boston 8 - Seattle 9 |
|